 Dungeon Crawl Stone Soup version 0.15.0-31-geb66e34 (webtiles) character file.

1393 Firebatgyro the Cleaver (level 9, 0/66 HPs)
             Began as a Formicid Wanderer on Sept 12, 2014.
             Was a Believer of Okawaru.
             Slain by a giant frog (6 damage)
             ... on Level 6 of the Dungeon.
             The game lasted 00:10:41 (5518 turns).

Firebatgyro the Cleaver (Formicid Wanderer)         Turns: 5518, Time: 00:10:41

HP   0/66        AC  0     Str 19      XL: 9   Next:  0%
MP  20/20        EV  8     Int 11      God: Okawaru [**....]
Gold 190         SH  0     Dex 15      Spells:  1 memorised,  9 levels left

rFire  . . .     SeeInvis +     q - +0 war axe
rCold  . . .     Clarity  .     a - +3 scale mail
rNeg   . . .     rCorr    .     (no shield)
rPois  .         rRot     .     (helmet unavailable)
rElec  .         Spirit   .     (no cloak)
SustAb .         Warding  .     (no gloves)
rMut   .         Stasis   +     (no boots)
Gourm  .                        (no amulet)
MR     .....                    d - ring of wizardry
                                e - +3 ring of dexterity

@: corroded equipment, not resistant to hostile enchantments, extremely
unstealthy
A: permanent stasis, dig shafts and tunnels, four strong arms, antennae 3
a: Dig, Shaft Self, Heroism, Renounce Religion


You were on level 6 of the Dungeon.
You worshipped Okawaru.
Okawaru was pleased with you.
You were hungry.

You visited 1 branch of the dungeon, and saw 6 of its levels.

You collected 190 gold pieces.

Inventory:

Hand weapons
 b - a +0 hand axe
 q - a +0 war axe (weapon)
Armour
 a - a +3 scale mail (worn)
Comestibles
 c - 3 bread rations
 i - 2 meat rations
 l - 5 fruits
 p - a beef jerky
Scrolls
 f - a scroll of remove curse
 j - 3 scrolls of identify
 o - 2 scrolls of enchant armour
Jewellery
 d - a ring of wizardry (right hand)
 e - a +3 ring of dexterity (left hand)
Potions
 g - a potion of restore abilities {unknown}
 m - a potion of berserk rage {unknown}
 n - a potion of agility
 t - a potion of heal wounds
Books
 h - Phai's Compendium of Excruciating Fire
   (You found it on level 5 of the Dungeon)

   Spells                             Type                      Level
   Flame Tongue                       Conjuration/Fire             1
   Throw Flame                        Conjuration/Fire             2
   Bolt of Magma                      Conjuration/Fire/Earth       5
   Ignite Poison                      Fire/Transmutation           5
   Ring of Flames                     Charms/Fire                  7
 r - a Young Poisoner's Handbook

   Spells                             Type                      Level
   Sting                              Conjuration/Poison           1
   Cure Poison                        Poison                       2
   Mephitic Cloud                     Conjuration/Poison/Air       3
   Olgreb's Toxic Radiance            Poison                       4
   Venom Bolt                         Conjuration/Poison           5


   Skills:
 - Level 4.6 Fighting
 + Level 8.1(8.2) Axes
   Level 1.0(5.1) Maces & Flails
 - Level 1.5 Throwing
 - Level 2.1 Armour
 - Level 1.1 Spellcasting
 - Level 2.4 Earth Magic
 + Level 5.8 Invocations


You had 9 spell levels left.
You knew the following spells:

 Your Spells              Type           Power        Failure   Level  Hunger
a - Sandblast             Erth           #.....       16%         1    ##.....


Dungeon Overview and Level Annotations

Branches:
Dungeon (6/15)             Temple (0/1) D:6

Altars:
Dithmenos
Okawaru
Sif Muna


Innate Abilities, Weirdness & Mutations

Your are under a permanent stasis effect.
You can dig through walls and to a lower floor.
Your four strong arms can wield two-handed weapons with a shield.
You have a pair of large antennae on your head (SInv).


Message History

* * * LOW HITPOINT WARNING * * *
You are too injured to fight recklessly!
You are too injured to fight recklessly!
You closely miss the giant frog.
The giant frog is heavily wounded.
The giant frog hits you!
* * * LOW HITPOINT WARNING * * *
You closely miss the giant frog.
The giant frog is heavily wounded.
The giant frog hits you.
* * * LOW HITPOINT WARNING * * *
The giant frog hits you.
* * * LOW HITPOINT WARNING * * *
You miss the giant frog.
The giant frog is heavily wounded.
The giant frog misses you.
You closely miss the giant frog.
The giant frog is heavily wounded.
The giant frog hits you.
You die...

#...# #......#..#....
#...# #.....##.......
##### ########.######
#....# #....# ##....#
##############....######
.......F......###........
#@.....# #.>......
..........#...# #........
.........##.####........
..######.##'#.....####..
..#.........# ..
..+.........# .
##############


You could see a giant frog.

Vanquished Creatures
  An orc warrior (D:6)
  2 ice beasts
  A black bear (D:6)
  4 ogres
  A scorpion (D:4)
  An orc priest (D:6)
  2 jellies
  An iguana (D:4)
  A centaur skeleton (D:4)
  2 hounds
  3 orc wizards
  Natasha (twice) (D:3)
  5 worker ants
  Terence (D:2)
  8 adders
  2 worms
  An adder skeleton (D:5)
  14 orcs
  A bat zombie (D:5)
  7 giant cockroaches
  12 hobgoblins
  4 jackals
  6 kobolds
  4 quokkas
  A ball python (D:3)
  7 bats
  5 giant geckos
  4 giant newts
  A giant newt skeleton (D:3)
  11 goblins
  A goblin zombie (D:5)
  A jackal zombie (D:6)
  An orc skeleton (D:5)
  7 rats
125 creatures vanquished.

Notes
Turn   | Place    | Note
--------------------------------------------------------------
     0 | D:1      | Firebatgyro, the Formicid Wanderer, began the quest for the Orb.
     0 | D:1      | Reached XP level 1. HP: 16/16 MP: 2/2
     9 | D:1      | Noticed a centaur
    70 | D:1      | Reached skill level 1 in Axes
   204 | D:1      | Reached XP level 2. HP: 13/22 MP: 4/4
   722 | D:2      | Reached XP level 3. HP: 25/27 MP: 5/5
   942 | D:2      | Noticed Terence
   976 | D:2      | Killed Terence
   976 | D:2      | Reached skill level 3 in Axes
  1262 | D:2      | Reached XP level 4. HP: 33/33 MP: 6/6
  1900 | D:3      | Found a deep blue altar of Sif Muna.
  1921 | D:3      | Reached skill level 4 in Axes
  1925 | D:3      | Found an iron altar of Okawaru.
  1989 | D:3      | Became a worshipper of Warmaster Okawaru
  2048 | D:3      | Reached XP level 5. HP: 31/38 MP: 9/9
  2300 | D:3      | Noticed Natasha
  2312 | D:3      | Killed Natasha
  2330 | D:3      | Noticed Natasha
  2334 | D:3      | Killed Natasha
  2334 | D:3      | Reached skill level 5 in Axes
  2597 | D:3      | Reached XP level 6. HP: 35/46 MP: 10/10
  3060 | D:4      | Acquired Okawaru's first power
  3352 | D:4      | Reached XP level 7. HP: 40/53 MP: 11/11
  3591 | D:4      | Reached skill level 6 in Axes
  3627 | D:5      | Entered Level 5 of the Dungeon
  3953 | D:5      | Reached skill level 1 in Invocations
  4095 | D:5      | Reached XP level 8. HP: 28/61 MP: 14/14
  4446 | D:5      | Reached skill level 7 in Axes
  4456 | D:5      | Identified Phai's Compendium of Excruciating Fire
  4823 | D:6      | Found a shadowy altar of Dithmenos.
  4920 | D:6      | Found a staircase to the Ecumenical Temple.
  5022 | D:6      | Reached skill level 5 in Invocations
  5228 | D:6      | HP: 2/61 [ogre/giant club (12)]
  5233 | D:6      | Reached skill level 8 in Axes
  5504 | D:6      | Reached XP level 9. HP: 49/66 MP: 20/20
  5518 | D:6      | Slain by a giant frog

Action                   |  1- 3 |  4- 6 |  7- 9 || total
-------------------------+-------+-------+-------++-------
Melee: Hand axe          |   140 |   146 |       ||   286
       War axe           |       |    87 |   143 ||   230
Invok: Heroism           |       |       |     3 ||     3
  Use: Scroll            |       |       |    10 ||    10
       Potion            |       |       |     1 ||     1
  Eat: Chunk             |     1 |     7 |     7 ||    15
